 Dungeon Sprint DCSS version 0.31-a0-7-g51783674b7 (webtiles) character file.

Game seed: 12860934468550014151

387 rocky1 the Thaumaturge (level 6, 0/37 HPs)
             Began as a Deep Elf Earth Elementalist on May 6, 2023.
             Was an Elder of Vehumet.
             Slain by an orc warrior
             ... wielding a +0 scimitar
              (17 damage)
             ... in the Dungeon (Sprint VII: "The Pits").
             The game lasted 00:02:28 (1125 turns).

rocky1 the Thaumaturge (DEEE)                       Turns: 1125, Time: 00:02:28

Health: 0/37       AC:  2    Str:  5    XL:     6   Next: 49%
Magic:  14/21      EV: 13    Int: 22    God:    Vehumet [****..]
Gold:   0          SH:  0    Dex: 15    Spells: 23/26 levels left

rFire   . . .        k - +0 long sword (flame)
rCold   . . .        (no shield)
rNeg    . . .        a - +0 robe
rPois   .            (no helmet)
rElec   .            (no cloak)
rCorr   .            (no gloves)
SInv    .            (no boots)
Will    .....        (no amulet)
Stlth   +++          (no ring)
HPRegen 0.26/turn    (no ring)
MPRegen 0.17/turn

%: no teleportation
@: no status effects
A: no striking features
a: Renounce Religion


You were in the Dungeon.
You worshipped Vehumet.
Vehumet was greatly pleased with you.
You visited 1 branch

Inventory:

Hand Weapons
 k - a +0 long sword of flaming (weapon)
Armour
 a - a +0 robe (worn)
Scrolls
 g - a scroll of blinking
 i - 5 scrolls of amnesia
 j - a scroll of butterflies
Potions
 b - 5 potions of magic
 c - 6 potions of curing
 d - 5 potions of heal wounds
 e - a potion of haste
 f - 3 potions of berserk rage
 h - 2 potions of invisibility


   Skills:
 * Level 3.1 Fighting
 + Level 3.4 Dodging
 + Level 3.7 Stealth
 * Level 10.7 Spellcasting
 * Level 4.4 Conjurations
 - Level 1.1 Transmutations
 * Level 2.6 Fire Magic
 * Level 10.5 Earth Magic


You had 23 spell levels left.
You knew the following spells:

 Your Spells              Type           Power      Damage    Failure   Level
a - Sandblast             Erth           100%       2d20      1%          1
b - Scorch                Fire           46%        2d6       1%          2

Your spell library contained the following spells:

 Spells                   Type           Power      Damage    Failure   Level
 Mephitic Cloud           Conj/Pois/Air  18%        N/A       2%          3
 Passwall                 Tmut/Erth      30%        N/A       1%          2
 Stone Arrow              Conj/Erth      88%        3d12      1%          3
 Petrify                  Tmut/Erth      37%        N/A       4%          4


Dungeon Overview and Level Annotations

Branches:
Dungeon (1/1)

Altars:
Ashenzari
Cheibriados
Dithmenos
Elyvilon
Fedhas
Gozag
Hepliaklqana
Kikubaaqudgha
Makhleb
Nemelex Xobeh
Okawaru
Qazlal
Ru
Sif Muna
Trog
Uskayaw
Vehumet
Wu Jian
Xom
Yredelemnul
Zin
The Shining One
Jiyva
Lugonu


Message History

You kill the orc!
Vehumet accepts your kill.
The orc wizard gestures wildly while chanting.
The orc wizard flickers and vanishes!
Deactivating autopickup; reactivate with Ctrl-A.
Aiming: Sandblast (safe; 1% risk of failure)
Press: ? - help, Q - select action, (/) - cycle Shift-Dir - straight line, f - orc warrior
Aim: an orc warrior, wielding a +0 scimitar and wearing a +0 chain mail (84% to hit)
The blast of sand misses the orc warrior.
The blast of sand hits the hound!!
You kill the hound!
Vehumet accepts your kill. The orc warrior barely misses you.
Aiming: Sandblast (safe; 1% risk of failure)
Press: ? - help, Q - select action, (/) - cycle Shift-Dir - straight line, f/p - orc warrior
Aim: an orc warrior, wielding a +0 scimitar and wearing a +0 chain mail (84% to hit)
The blast of sand hits the orc warrior.
The orc warrior is lightly wounded.
The orc warrior misses you.
The orc warrior hits you but does no damage.
Aiming: Sandblast (safe; 1% risk of failure)
Press: ? - help, Q - select action, (/) - cycle Shift-Dir - straight line, f/p - orc warrior
Aim: an orc warrior, wielding a +0 scimitar and wearing a +0 chain mail (lightly wounded, 84% to hit)
The blast of sand hits the orc warrior.
The orc warrior is moderately wounded.
The orc warrior closely misses you.
Aiming: Sandblast (safe; 1% risk of failure)
Press: ? - help, Q - select action, (/) - cycle Shift-Dir - straight line, f/p - orc warrior
Aim: an orc warrior, wielding a +0 scimitar and wearing a +0 chain mail (moderately wounded, 84% to hit)
The blast of sand hits the orc warrior.
The orc warrior is heavily wounded.
The orc warrior hits you with a +0 scimitar!!
The orc warrior misses you.
Aiming: Sandblast (safe; 1% risk of failure)
Press: ? - help, Q - select action, (/) - cycle Shift-Dir - straight line, f/p - orc warrior
Aim: an orc warrior, wielding a +0 scimitar and wearing a +0 chain mail (heavily wounded, 84% to hit)
The blast of sand hits the orc warrior.
The orc warrior is severely wounded.
The orc warrior hits you with a +0 scimitar!
You die...

#.##'#.....##...<...#
#.#........##.......#
#.#........##.......#
#'###########.......#
#..#.#.##†. #########
#.......#.#
##.#.#.##.#
#.)..)..#o#
##.#.#.##@+
#.......#'#
##.#.#..'.#
##########


You could see an orc warrior.

Vanquished Creatures
  A fire bat (D)
  An ogre (D)
  A crimson imp (D)
  A jelly (D)
  A hound (D)
  A gnoll (D)
  2 adders (D)
  3 river rats (D)
  An adder zombie (D)
  An orc (D)
  A bat (D)
  A goblin (D)
  2 hobgoblins (D)
  A quokka (D)
  A quokka skeleton (D)
19 creatures vanquished.

Notes
Turn   | Place    | Note
-------+----------+-------------------------------------------
     0 | D        | rocky1 the Deep Elf Earth Elementalist began the quest for
                  | the Orb.
     0 | D        | Reached XP level 1. HP: 10/10 MP: 6/6
    18 | D        | Found a bloodstained altar of Trog.
    18 | D        | Found a shimmering blue altar of Sif Muna.
    18 | D        | Found a viscous altar of Jiyva.
    18 | D        | Found a hazy altar of Hepliaklqana.
    18 | D        | Found an opulent altar of Gozag.
    19 | D        | Found a glowing golden altar of the Shining One.
    19 | D        | Found a glowing silver altar of Zin.
    19 | D        | Found a basalt altar of Yredelemnul.
    19 | D        | Found a shimmering altar of Xom.
    19 | D        | Found an ornate altar of the Wu Jian Council.
    19 | D        | Found a sacrificial altar of Ru.
    19 | D        | Found a stormy altar of Qazlal.
    19 | D        | Found an iron altar of Okawaru.
    19 | D        | Found a sparkling altar of Nemelex Xobeh.
    19 | D        | Found a burning altar of Makhleb.
    19 | D        | Found a blossoming altar of Fedhas.
    19 | D        | Found a white marble altar of Elyvilon.
    19 | D        | Found a shadowy altar of Dithmenos.
    19 | D        | Found a snail-covered altar of Cheibriados.
    21 | D        | Found a radiant altar of Vehumet.
    21 | D        | Found a corrupted altar of Lugonu.
    22 | D        | Found a hide-covered altar of Uskayaw.
    22 | D        | Found an ancient bone altar of Kikubaaqudgha.
    22 | D        | Found a broken altar of Ashenzari.
    29 | D        | Became a worshipper of Vehumet
   163 | D        | Reached XP level 2. HP: 16/16 MP: 3/9
   217 | D        | Reached * piety under Vehumet
   217 | D        | Offered knowledge of Magic Dart by Vehumet.
   218 | D        | Reached skill level 1 in Fighting
   218 | D        | Reached skill level 5 in Earth Magic
   275 | D        | Reached skill level 1 in Conjurations
   299 | D        | Noticed a crimson imp
   304 | D        | Reached ** piety under Vehumet
   305 | D        | Reached skill level 5 in Spellcasting
   305 | D        | Reached XP level 3. HP: 20/20 MP: 5/11
   307 | D        | Reached XP level 4. HP: 22/26 MP: 4/13
   628 | D        | Offered knowledge of Freeze by Vehumet.
   650 | D        | Reached *** piety under Vehumet
   654 | D        | Noticed an ogre
   864 | D        | Killed an ogre
   864 | D        | Offered knowledge of Scorch by Vehumet.
   865 | D        | Reached XP level 5. HP: 31/31 MP: 14/18
   868 | D        | Learned a level 2 spell: Scorch
   988 | D        | Noticed a fire bat
   989 | D        | Killed a fire bat
   989 | D        | Offered knowledge of Mephitic Cloud by Vehumet.
   989 | D        | Reached **** piety under Vehumet
   990 | D        | Reached skill level 10 in Spellcasting
   990 | D        | Reached skill level 10 in Earth Magic
   990 | D        | Reached XP level 6. HP: 37/37 MP: 19/21
  1118 | D        | Noticed an orc warrior
  1125 | D        | Slain by an orc warrior

Illustrated notes

Levels and vault maps discovered:
D:        pitsprint [storerooms_1, entrance_room_1, metal_vault_6, armoury_2,
          mini_pit_1, grid_room_1, main_hall_1, silver_pit, the_coven_1,
          the_vestibule_1, steel_vault_5, golden_pit, hallway_of_sentries,
          crystal_vault_2, iron_vault_4, final_vault]

Skill      XL: |  1  2  3  4  5 |
---------------+----------------+-----
Spellcasting   | 4 5 8 10 | 10.7
Earth Magic    | 4 6 9 10 | 10.5
Fighting       | 1 2 3 |  3.1
Conjurations   | 1 2 3 4 |  4.4
Dodging        | 3 |  3.4
Stealth        | 3 |  3.7
Fire Magic     | 2 |  2.6
Transmutations | |  1.1

Action                     |  1- 3 |  4- 6 || total
---------------------------+-------+-------++-------
   Cast: Sandblast         |    18 |    18 ||    36
         Scorch            |       |     2 ||     2
    Use: Potion            |     1 |       ||     1
 Armour: Robe              |     1 |     1 ||     2
  Dodge: Dodged            |     3 |     4 ||     7

Table legend: (Time is in decaauts)
 A = Elapsed time spent in this place.
 B = Non-inter-level travel time spent in this place.
 C = Inter-level travel time spent in this place.
 D = Time resting spent in this place.
 E = Time spent auto-exploring this place.
 F = Levels seen in this place.
 G = Mean time per level.
                   A        B        C        D        E       F      G
               +--------+--------+--------+--------+--------+-----+--------+
         Total |   1142 |   1123 |     19 |    925 |      0 |   1 | 1142.0 |
       Dungeon |   1142 |   1123 |     19 |    925 |      0 |   1 | 1142.0 |
               +--------+--------+--------+--------+--------+-----+--------+

Top non-repeatable levels by time:
       D: 1142 daAuts
